 Dungeon Crawl Stone Soup version 0.31.0-9-g3a7656b989 (webtiles) character file.

Game seed: 1135353225867436977

120 Doomgape the Cudgeller (level 4, 0/37 HPs)
             Began as an Armataur Fighter on Feb 1, 2024.
             Killed from afar by an orc wizard (8 damage)
             ... with a puff of flame
             ... on level 3 of the Dungeon.
             The game lasted 00:06:39 (1194 turns).

Doomgape the Cudgeller (Armataur Fighter)           Turns: 1194, Time: 00:06:39

Health: 0/37       AC:  8    Str: 24    XL:     4   Next: 75%
Magic:  4/4        EV:  7    Int:  8    God:
Gold:   150        SH:  0    Dex:  9    Spells: 3/3 levels left

rFire   . . .        a - +0 flail
rCold   . . .        c - +0 buckler
rNeg    . . .        b - +0 scale mail
rPois   .            h - +0 helmet
rElec   .            (no cloak)
rCorr   .            (no gloves)
SInv    .            (no barding)
Will    .....        g - amulet of reflection Stlth
                     (no ring)
HPRegen 0.26/turn    (no ring)
MPRegen 0.09/turn

%: reflection, roll
@: confused
A: large, deformed body, tough skin 3, armoured tail, roll 1
a: no special abilities


You were on level 3 of the Dungeon.
You visited 1 branch of the dungeon, and saw 3 of its levels.

You collected 150 gold pieces.

Inventory:

Hand Weapons
 a - a +0 flail (weapon)
Armour
 b - a +0 scale mail (worn)
 c - a +0 buckler (worn)
 h - a +0 helmet (worn)
Jewellery
 g - an amulet of reflection (around neck)
Talismans
 n - a blade talisman
Scrolls
 f - 2 scrolls of immolation {unknown}
 i - 2 scrolls of identify {unknown}
 j - a scroll of summoning {unknown}
 k - 2 scrolls of enchant armour {unknown}
 o - a scroll of teleportation {unknown}
Potions
 e - a potion of attraction


   Skills:
 - Level 2.6 Fighting
 + Level 4.6 Maces & Flails
 - Level 3.6 Armour
 - Level 3.2 Shields


You had 3 spell levels left.
You didn't know any spells.
Your spell library contained the following spells:

 Spells                   Type           Power      Damage    Failure   Level
 Summon Ice Beast         Ice/Summ       0%         N/A       98%         3
 Summon Mana Viper        Hex/Summ       0%         N/A       100%        5
 Monstrous Menagerie      Summ           0%         N/A       100%        7


Dungeon Overview and Level Annotations

Branches:
Dungeon (3/15)

Altars:
Okawaru


Innate Abilities, Weirdness & Mutations

Armour fits poorly on your strangely shaped body.
You have extremely tough skin. (AC +3)
You have a long armoured tail.
You regenerate magic when rolling toward enemies. (Rampage MPRegen)


Message History

You closely miss something. Something hits you but does no damage.
You hear some strange, mumbled words.
You are confused.
You bump into the stone wall.
Something hits you but does no damage.
You bump into the stone wall.
Something hits you.
You hit something.
Your tail-slap misses something.
Something hits you but does no damage.
You barely miss something. Something hits you but does no damage.
It was a potion of attraction.
You feel attractive to monsters. Something hits you.
* * * LOW HITPOINT WARNING * * *
You feel very mighty all of a sudden. Something hits you.
* * * LOW HITPOINT WARNING * * *
It was a potion of cancellation.
Your magical effects are unravelling.
You feel magically purged.
You feel less confused.
You feel a little less mighty now.
You hear some strange, mumbled words.
You are confused.
You feel less attractive to monsters.
It was a potion of curing.
You feel better. Something hits you but does no damage.
You hit something but do no damage. Something hits you but does no damage.
You completely miss something.
You hear some strange, mumbled words.
You are confused.
You closely miss something. Something hits you.
You bump into the stone wall.
Something hits you.
You bump into the stone wall.
You hear some strange, mumbled words.
A puff of flame appears from out of thin air!
The puff of flame hits you!
* * * LOW HITPOINT WARNING * * *
You miss something.
You hear some strange, mumbled words.
A puff of flame appears from out of thin air!
The puff of flame hits you!
You die...

### .... ## ##.#.# #.##
#.#.#.# #.#.# ##.#.#.#
#.#.## #.#.#.#.#.#.#.#
#.##.#.#.#{#.#.#
#.#.#.#.#.#@#.#
#.##.#.#.#.#.#
#.#.#.#.#.#.#.#
#.##.#.#.#S#.#.#
#.#.#.#.#.#.#.#.#
#.##.#.#.#...#.#.#
#........oo..S#.#.#
######..≈≈≈≈≈≈≈≈..#.#.#.#
........≈.......≈..#.#.#.


There were no monsters in sight!

Vanquished Creatures
  A jelly (D:3)
  3 adders
  A ribbon worm (D:2)
  A dart slug (D:1)
  3 orcs (D:3)
  2 ball pythons (D:2)
  3 bats
  3 endoplasms
  3 giant cockroaches (D:1)
  10 goblins
  8 hobgoblins
  2 jackals (D:2)
  A quokka (D:1)
  A frilled lizard (D:2)
  2 kobolds
  7 rats
51 creatures vanquished.

Notes
Turn   | Place    | Note
-------+----------+-------------------------------------------
     0 | D:1      | Doomgape the Armataur Fighter began the quest for the Orb.
     0 | D:1      | Reached XP level 1. HP: 18/18 MP: 1/1
    26 | D:1      | Reached skill level 2 in Maces & Flails
   114 | D:1      | Reached XP level 2. HP: 25/25 MP: 2/2
   280 | D:1      | Reached skill level 3 in Maces & Flails
   545 | D:2      | Reached XP level 3. HP: 16/30 MP: 3/3
  1013 | D:2      | Reached skill level 4 in Maces & Flails
  1013 | D:2      | Reached XP level 4. HP: 37/37 MP: 4/4
  1146 | D:3      | Found an iron altar of Okawaru.
  1194 | D:3      | Killed from afar by an orc wizard

Illustrated notes

Levels and vault maps discovered:
D:1:      dpeg_arrival_castle, layout_rooms
D:2:      cheibrodos_greedy_goblins, layout_rooms, hangedman_decor_riveting,
          grunt_decor_mini_mirrors
D:3:      layout_basic, mainiacjoe_overflow_concentric_impassable,
          serial_park_tiny_pond, roderic_lattice_a, kennysheep_pointless_box

Skill      XL: |  1  2  3 |
---------------+----------+-----
Maces & Flails | 2 3 4 |  4.6
Fighting       | |  2.6
Armour         | |  3.6
Shields        | |  3.2

Action                     |  1- 3 |  4- 6 || total
---------------------------+-------+-------++-------
  Melee: Flail             |   116 |    24 ||   140
         Tailslap          |    16 |     1 ||    17
    Use: Potion            |       |     4 ||     4
 Armour: Scale mail        |    76 |    26 ||   102
  Dodge: Dodged            |    42 |     3 ||    45
  Block: Buckler           |    56 |     6 ||    62
